 Dungeon Crawl Stone Soup version 0.30-a0-1082-g70414cbcbb (webtiles) character file.

Game seed: 18391720851868151199

5121 jlumianski the Slicer (level 10, -7/75 HPs)
             Began as a Demonspawn Fighter on Apr 13, 2023.
             Was a Priest of Wu Jian.
             Mangled by Snorg (16 damage)
             ... on level 10 of the Dungeon on Apr 16, 2023.
             The game lasted 00:52:34 (9190 turns).

jlumianski the Slicer (Demonspawn Fighter)          Turns: 9190, Time: 00:52:35

Health: -7/75      AC: 12    Str: 14 (15) XL:     10   Next: 32%
Magic:  25/25      EV: 11    Int:  6      God:    Wu Jian [***...]
Gold:   612        SH: 12    Dex: 16      Spells: 17/18 levels left

rFire   . . .      SeeInvis .    m - +9 dagger "Haedo" {freeze, MP+9}
rCold   + . .      Faith    .    t - +2 buckler
rNeg    . . .      Spirit   .    U - +3 ring mail
rPois   +          Reflect  .    (helmet restricted)
rElec   .          Rampage  .    D - +0 cloak of Context {Harm rPois rCorr Int-4}
rCorr   +          Harm     + .  (no gloves)
Will    .....                    P - +2 pair of boots
Stlth   ++                       (no amulet)
HPRegen 0.32/turn                J - ring of protection from cold
MPRegen 0.19/turn                (no ring)

@: slowed, serpent's lash, very slow
A: horns 1, large bone plates 1, demonic guardian 2, deterioration 1, weak 1
a: Renounce Religion, Wall Jump, Serpent's Lash


You were on level 10 of the Dungeon.
You worshipped Wu Jian.
Wu Jian was most pleased with you.
You visited 1 branch of the dungeon, and saw 10 of its levels.

You collected 612 gold pieces.

Inventory:

Hand Weapons
 a - a +0 war axe of electrocution
 m - the +9 dagger "Haedo" (weapon) {freeze, MP+9}
   (You found it on level 2 of the Dungeon)

   MP:        It affects your magic capacity (+9).
 w - a +2 heavy flail
 M - a +2 short sword of draining
 X - a +2 short sword of venom
Missiles
 l - 11 silver javelins
 B - 2 boomerangs
 G - 32 poisoned darts (quivered)
 K - 2 throwing nets
 N - 2 curare-tipped darts
Armour
 k - a +0 cloak
 r - a +0 cloak
 t - a +2 buckler (worn)
 y - a +1 chain mail of cold resistance
 D - the +0 cloak of Context (worn) {Harm rPois rCorr Int-4}
   (You found it on level 3 of the Dungeon)

   Int:       It affects your intelligence (-4).
   rPois:     It protects you from poison.
   rCorr:     It protects you from acid and corrosion.
   Harm:      It increases damage dealt and taken.
 E - a +0 tower shield
 F - a +0 scale mail of willpower
 P - a +2 pair of boots (worn)
 R - a +1 cloak
 S - a +0 leather armour
 U - a +3 ring mail (worn)
 Z - +0 acid dragon scales
Jewellery
 J - a ring of protection from cold (left hand)
Wands
 j - a wand of digging (5)
 O - a wand of light (10)
 Y - a wand of flame (10)
Scrolls
 b - a scroll of fog
 c - a scroll of vulnerability
 e - 2 scrolls of poison
 h - a scroll of enchant armour
 o - 3 scrolls of immolation
 x - 2 scrolls of teleportation
 C - a scroll of fear
 L - a scroll of magic mapping
 Q - a scroll of brand weapon
Potions
 d - a potion of might
 g - 3 potions of heal wounds
 i - a potion of haste
 n - 2 potions of attraction
 p - a potion of invisibility
 q - a potion of degeneration
 s - a potion of brilliance
 u - 2 potions of curing
 v - 3 potions of ambrosia
 z - a potion of flight {unknown}
 H - 3 potions of lignification
 I - 2 potions of resistance
 T - a potion of mutation
Miscellaneous
 f - a tin of tremorstones (2/2)


   Skills:
 + Level 5.6 Fighting
 * Level 8.6 Short Blades
 - Level 2.0 Axes
 + Level 1.8 Throwing
 - Level 2.8 Armour
 * Level 3.6 Dodging
 * Level 5.6 Stealth
 + Level 5.6 Shields
 * Level 4.6 Spellcasting
 * Level 2.2 Conjurations


You had 17 spell levels left.
You knew the following spells:

 Your Spells              Type           Power      Damage    Failure   Level
a - Shock                 Conj/Air       8%         1d3       45%         1

Your spell library contained the following spells:

 Spells                   Type           Power      Damage    Failure   Level
 Call Canine Familiar     Summ           1%         N/A       94%         3
 Portal Projectile        Hex/Tloc       2%         N/A       94%         3
 Swiftness                Air            1%         N/A       94%         3
 Airstrike                Air            0%         2d(1-17)  100%        4
 Leda's Liquefaction      Hex/Erth       0%         N/A       100%        4


Dungeon Overview and Level Annotations

Branches:
Dungeon (10/15)            Temple (0/1) D:7
   Lair: D:8-11         Orc: D:9-12

Altars:
Fedhas
Hepliaklqana
Kikubaaqudgha
Nemelex Xobeh
Trog
Wu Jian

Shops:
D:8 *

Annotations:
D:6 3 runed translucent doors, BlueFalcon's ghost, novice DrVM
D:10 Snorg


Innate Abilities, Weirdness & Mutations

You have a pair of small horns on your head.
You are partially covered in large bone plates. (SH +4)
A demonic guardian rushes to your aid.
Your body sometimes deteriorates upon taking damage.
You are weak. (Str -2)


Message History

Found a scroll of brand weapon.
Found a stone staircase leading down.
Snorg shouts!
Snorg bites you. Snorg completely misses you. Snorg claws you.
You puncture Snorg! You freeze Snorg.
Snorg is lightly wounded.
You block Snorg's attack. Snorg closely misses you.
Snorg claws you but does no damage. The wraith completely misses you.
Aiming: Wall Jump
Press: ? - help, Dir - move target You repeatedly attack Snorg from above.
You puncture Snorg! You freeze Snorg. Your headbutt misses Snorg.
Snorg is moderately wounded.
You hit Snorg. You freeze Snorg. You headbutt Snorg.
Snorg is heavily wounded.
You hit Snorg. You freeze Snorg.
Snorg is heavily wounded.
You completely miss Snorg.
Snorg is heavily wounded.
Snorg goes berserk!
The wraith closely misses you. You block Snorg's attack.
Snorg claws you but does no damage. Snorg misses you.
Your muscles tense, ready for explosive movement...
You hit Snorg. You freeze Snorg. Your headbutt misses Snorg.
Snorg is severely wounded.
Snorg barely misses you.
You block Snorg's attack. x2; The wraith hits you!
The wraith drains your vigour!
You feel yourself slow down.
You hit Snorg. You freeze Snorg.
Snorg is severely wounded.
Snorg bites you!! Snorg claws you. Snorg claws you but does no damage.
You hit Snorg. You freeze Snorg. You headbutt Snorg!
Snorg is severely wounded.
Snorg bites you!
* * * LOW HITPOINT WARNING * * *
Your body deteriorates!
You feel weakened.
A demonic guardian appears!
Snorg barely misses you. You block Snorg's attack. The wraith hits you.
* * * LOW HITPOINT WARNING * * *
The wraith drains your vigour!
You feel as though you will be slow longer.
You block Snorg's attack. Snorg claws you!
You die...

#...# #._.# .#
###+##...# #####.###
#....#§≈≈# #.?.....###
#....#...# #......>..
#....#._.# #.......#
##....#...# #.4.....#
.'..(.'#######.W.....#
##......'...##.T@....#
#......###..........#
######## ####.......#
#########


You could see Snorg (berserk), a wraith (ally target) and a friendly ice devil
(summoned).

Vanquished Creatures
  3 yaks (D:9)
  4 wyverns
  Edmund (D:4)
  An acid dragon (D:8)
  2 orc warriors
  2 sky beasts
  An ice beast (D:6)
  5 black bears
  2 ogres (D:4)
  4 centaurs
  3 kobold brigands
  2 bullfrogs
  6 scorpions
  A scorpion (shapeshifter) (D:10)
  5 wights
  5 killer bees (D:8)
  4 howler monkeys (D:8)
  An electric eel (D:6)
  3 hounds
  A gnoll bouda (D:6)
  2 jellies
  4 orc priests
  2 sleepcaps
  2 iguanas (D:6)
  Terence (D:2)
  4 orc wizards
  5 adders
  17 gnolls
  2 ufetubi (D:6)
  4 worms
  35 orcs
  3 bats (D:1)
  5 endoplasms
  A giant cockroach (D:2)
  21 goblins
  16 hobgoblins
  5 jackals
  30 kobolds
  6 quokkas
  6 ball pythons
  5 frilled lizards
  3 rats
235 creatures vanquished.

Vanquished Creatures (collateral kills)
  2 centaurs (D:6)
  An orc priest (D:10)
  A gnoll (D:5)
  An orc (D:2)
  2 goblins (D:4)
7 creatures vanquished.

Vanquished Creatures (others)
  An adder (D:5)
  A plant (D:5)
2 creatures vanquished.

Grand Total: 244 creatures vanquished

Notes
Turn   | Place    | Note
-------+----------+-------------------------------------------
     0 | D:1      | jlumianski the Demonspawn Fighter began the quest for the
                  | Orb.
     0 | D:1      | Reached XP level 1. HP: 18/18 MP: 1/1
   164 | D:1      | Gained mutation: A weak demonic guardian rushes to your
                  | aid. [demonic ancestry]
   164 | D:1      | Reached XP level 2. HP: 24/24 MP: 2/2
   513 | D:2      | Identified the +9 dagger "Haedo" {freeze, MP+9}
   830 | D:2      | Gained mutation: You are partially covered in large bone
                  | plates. (SH +4) [demonic ancestry]
   830 | D:2      | Reached XP level 3. HP: 22/29 MP: 3/3
   954 | D:2      | Reached skill level 1 in Stealth
  1035 | D:2      | Found a faded altar of an unknown god.
  1044 | D:2      | Noticed Terence
  1060 | D:2      | Killed Terence
  1061 | D:2      | Reached skill level 1 in Short Blades
  1346 | D:1      | Gained mutation: You have a pair of small horns on your
                  | head. [demonic ancestry]
  1346 | D:1      | Reached XP level 4. HP: 35/35 MP: 4/4
  2273 | D:4      | Reached skill level 1 in Spellcasting
  2345 | D:4      | Noticed a black bear
  2350 | D:4      | Killed a black bear
  2351 | D:4      | Reached skill level 2 in Short Blades
  2351 | D:4      | Reached skill level 1 in Dodging
  2351 | D:4      | Reached XP level 5. HP: 38/41 MP: 7/7
  2447 | D:4      | Noticed an ogre
  2456 | D:4      | Killed an ogre
  2457 | D:4      | Reached skill level 3 in Short Blades
  2457 | D:4      | Reached XP level 6. HP: 47/47 MP: 8/8
  2468 | D:4      | Noticed Edmund
  2978 | D:3      | Identified the +0 cloak of Context {Harm rPois rCorr Int-4}
  3301 | D:4      | Killed Edmund
  3341 | D:5      | Entered Level 5 of the Dungeon
  3490 | D:5      | Noticed an ice beast
  3516 | D:6      | Reached skill level 1 in Throwing
  3516 | D:6      | Reached XP level 7. HP: 21/53 MP: 10/10
  3639 | D:6      | Reached skill level 4 in Short Blades
  4011 | D:5      | Noticed a wyvern
  4021 | D:5      | Killed a wyvern
  4466 | D:5      | Gained mutation: You do not regenerate when monsters are
                  | visible. [potion of mutation]
  4466 | D:5      | Gained mutation: Your spells are a little harder to cast,
                  | but a little more powerful. [potion of mutation]
  4466 | D:5      | Gained mutation: You have large cloven feet. [potion of
                  | mutation]
  4468 | D:5      | Lost mutation: Your spells are a little harder to cast, but
                  | a little more powerful. [potion of mutation]
  4468 | D:5      | Lost mutation: You have large cloven feet. [potion of
                  | mutation]
  4468 | D:5      | Lost mutation: You do not regenerate when monsters are
                  | visible. [potion of mutation]
  4468 | D:5      | Gained mutation: Your body sometimes deteriorates upon
                  | taking damage. [potion of mutation]
  4468 | D:5      | Gained mutation: You are weak. (Str -2) [potion of
                  | mutation]
  4511 | D:5      | Gained mutation: A demonic guardian rushes to your aid.
                  | [demonic ancestry]
  4511 | D:5      | Reached XP level 8. HP: 58/60 MP: 12/12
  4975 | D:4      | Reached skill level 5 in Short Blades
  5049 | D:4      | Found an ornate altar of the Wu Jian Council.
  5056 | D:4      | Noticed a spectral centipede
  5056 | D:4      | Noticed a spectral black mamba
  5057 | D:4      | Became a worshipper of the Wu Jian Council
  5773 | D:6      | Reached * piety under Wu Jian
  5860 | D:6      | Found a runed translucent gate.
  5860 | D:6      | Found a runed translucent gate.
  5861 | D:6      | Found a runed translucent gate.
  5867 | D:6      | Noticed BlueFalcon's ghost (novice DrVM)
  6014 | D:6      | Reached skill level 6 in Short Blades
  6114 | D:6      | Reached XP level 9. HP: 55/66 MP: 14/14
  6481 | D:6      | Learned a level 1 spell: Shock
  6637 | D:6      | Reached ** piety under Wu Jian
  6673 | D:7      | Reached skill level 5 in Shields
  6680 | D:7      | Reached skill level 7 in Short Blades
  7384 | D:7      | Found a staircase to the Ecumenical Temple.
  7713 | D:7      | Reached skill level 5 in Fighting
  7740 | D:8      | Reached skill level 1 in Conjurations
  7997 | D:8      | Reached skill level 5 in Stealth
  8014 | D:8      | Reached skill level 8 in Short Blades
  8024 | D:8      | Reached *** piety under Wu Jian
  8174 | D:8      | Found a sparkling altar of Nemelex Xobeh.
  8195 | D:8      | Reached XP level 10. HP: 68/74 MP: 16/16
  8313 | D:8      | Found Toqudigo's Elemental Accessories.
  8434 | D:8      | Found a hazy altar of Hepliaklqana.
  8434 | D:8      | Found a blossoming altar of Fedhas.
  8674 | D:10     | Entered Level 10 of the Dungeon
  8713 | D:9      | Upgraded the game from 0.30-a0-1066-g63dfefce0d to
                  | 0.30-a0-1082-g70414cbcbb
  9169 | D:10     | Found an ancient bone altar of Kikubaaqudgha.
  9170 | D:10     | Found a bloodstained altar of Trog.
  9182 | D:10     | Noticed Snorg
  9190 | D:10     | Mangled by Snorg

Illustrated notes

Levels and vault maps discovered:
D:1:      ncdulo_smallfort, layout_basic, serial_aquarium,
          aquarium_bridge_square [aquarium_subvault_window,
          aquarium_subvault_window, aquarium_subvault_bridge,
          aquarium_subvault_bridge], aquarium_bridge_straight
          [aquarium_subvault_bridge, aquarium_subvault_window,
          aquarium_subvault_bridge, aquarium_subvault_window],
          aquarium_window_2, aquarium_window_1, aquarium_window_1,
          aquarium_view_2d, aquarium_view_2c, aquarium_balcony_3b,
          aquarium_pool_four, serial_bayou_pond_d, minmay_small_reverse_x
D:2:      layout_loops_corners, ebering_ecumenical_altar_mist,
          minmay_pentomino_s4, uniq_terence
D:3:      layout_loops_corners, grunt_ministairs_3, nicolae_eternal_life
D:4:      black_bear_nest_2, layout_rooms, pdpol_wu_jian_five_deadly_venoms,
          minmay_ogre_servants, uniq_edmund
D:5:      corexii_shantytown, layout_basic, mainiacjoe_overflow_alcove_1,
          lightli_ossuary_entry_decrepit_ruins, minivault_27,
          lemuel_flamethrower_2
D:6:      kennysheep_six_static_rooms, layout_basic, gammafunk_ghost_split,
          minivault_4
D:7:      layout_cave_pods, lemuel_zombie_altar_yredelemnul,
          minmay_temple_entry_tees
D:8:      layout_basic, gammafunk_temple_overflow_wave,
          nemelex_xobeh_ov_fountains_minmay, nicolae_elemental_shop,
          kennysheep_generic_room_8
D:9:      layout_irregular_city, tso_oasis_becter, erik_lair_orcish_takeover,
          minmay_mirror_moons_of_madness
D:10:     layout_roguey, mainiacjoe_overflow_divided_tiny,
          chequers_decorated_corner, uniq_snorg

Skill      XL: |  1  2  3  4  5  6  7  8  9 10 |
---------------+-------------------------------+-----
Shields        | 3 4 5 |  5.6
Axes           | 2 |  2.0
Stealth        | 1 2 3 4 5 |  5.6
Short Blades   | 1 2 3 4 6 8 |  8.6
Spellcasting   | 1 2 3 4 |  4.6
Dodging        | 1 2 3 |  3.6
Throwing       | 1 |  1.8
Fighting       | 4 5 |  5.6
Conjurations   | 1 2 |  2.2
Armour         | |  2.8

Action                     |  1- 3 |  4- 6 |  7- 9 | 10-12 || total
---------------------------+-------+-------+-------+-------++-------
  Melee: War axe           |    46 |       |       |       ||    46
         Dagger            |    45 |    76 |   362 |    88 ||   571
         Headbutt          |       |    15 |    63 |    14 ||    92
  Throw: Stone             |     7 |       |       |       ||     7
         Dart              |       |    14 |     6 |       ||    20
 Invoke: Serpent's Lash    |       |       |       |     1 ||     1
Ability: Lunge             |       |       |    45 |     6 ||    51
         Whirlwind         |       |       |    15 |     2 ||    17
         Wall Jump         |       |       |     7 |     5 ||    12
    Use: Potion            |       |     6 |     4 |       ||    10
         Scroll            |       |    10 |     3 |     4 ||    17
   Stab: Sleeping          |       |       |     2 |     1 ||     3
         Distracted        |       |       |       |     1 ||     1
 Armour: Scale mail        |    31 |    30 |    38 |       ||    99
         Ring mail         |       |       |    18 |     9 ||    27
         Leather armour    |       |       |     1 |       ||     1
  Dodge: Dodged            |    31 |    49 |    88 |    22 ||   190
  Block: Buckler           |    24 |    51 |   127 |    32 ||   234

Table legend: (Time is in decaauts)
 A = Elapsed time spent in this place.
 B = Non-inter-level travel time spent in this place.
 C = Inter-level travel time spent in this place.
 D = Time resting spent in this place.
 E = Time spent auto-exploring this place.
 F = Levels seen in this place.
 G = Mean time per level.
                   A        B        C        D        E       F      G
               +--------+--------+--------+--------+--------+-----+--------+
         Total |   9160 |   8893 |    267 |    889 |   4923 |  10 |  916.0 |
       Dungeon |   9160 |   8893 |    267 |    889 |   4923 |  10 |  916.0 |
               +--------+--------+--------+--------+--------+-----+--------+

Top non-repeatable levels by time:
     D:6: 1805 daAuts
     D:5: 1687 daAuts
     D:2: 1192 daAuts
     D:3: 1042 daAuts
     D:1: 826 daAuts
     D:8: 812 daAuts
     D:4: 789 daAuts
     D:7: 409 daAuts
    D:10: 308 daAuts
     D:9: 287 daAuts
